 Dungeon Crawl Stone Soup version 0.25-a0-565-g8875c97ebb (webtiles) character file.

Game seed: 8016448544372518995, levelgen mode: deterministic

20475 Flugslaktarn the Cleaver (level 12, 0/121 HPs)
             Began as a Deep Dwarf Fighter on Feb 26, 2020.
             Was a High Priest of Makhleb.
             Slain by a phantasmal warrior (24 damage)
             ... led by a death knight
             ... on level 14 of the Dungeon.
             The game lasted 00:07:45 (8579 turns).

Flugslaktarn the Cleaver (Deep Dwarf Fighter)       Turns: 8579, Time: 00:07:46

Health: 0/121      AC: 20    Str: 27    XL:     12   Next: 45%
Magic:  4/4        EV:  5    Int:  5    God:    Makhleb [*****.]
Gold:   451        SH: 11    Dex: 12    Spells: 11/11 levels left

rFire    + + .     SeeInvis .   c - +4 war axe
rCold    . . .     Gourm    .   i - +0 kite shield (curse)
rNeg     . . .     Faith    +   z - +0 plate armour
rPois    .         Spirit   .   l - +2 helmet
rElec    .         Reflect  .   (no cloak)
rCorr    .         Harm     .   (no gloves)
MR       +....                  F - +1 pair of boots
Stlth    ..........             v - amulet of faith
HPRegen  0.00/turn              D - +2 ring of strength
MPRegen  0.09/turn              f - ring of protection from fire

@: non-regenerating
A: damage resistance, heal wounds, dopey 2, fire resistance 1, sense
surroundings 2, no regeneration
a: Heal Wounds, Minor Destruction, Lesser Servant of Makhleb, Major Destruction,
Greater Servant of Makhleb, Renounce Religion


You were on level 14 of the Dungeon.
You worshipped Makhleb.
Makhleb was extremely pleased with you.
You were hungry.

You visited 2 branches of the dungeon, and saw 14 of its levels.

You collected 451 gold pieces.

Inventory:

Hand Weapons
 a - a +1 hand axe of flaming
   (You took it off a big kobold on level 10 of the Dungeon)
 b - a cursed +1 battleaxe
   (You took it off a wight on level 6 of the Dungeon)
 c - a +4 war axe (weapon)
   (You took it off a wight on level 10 of the Dungeon)
 j - a +0 broad axe
   (You found it on level 11 of the Dungeon)
Armour
 i - a cursed +0 kite shield (worn)
   (You found it on level 11 of the Dungeon)
 l - a +2 helmet (worn)
   (You found it on level 4 of the Dungeon)
 z - a +0 plate armour (worn)
   (You found it on level 6 of the Dungeon)
 F - a +1 pair of boots (worn)
   (You found it on level 10 of the Dungeon)
Jewellery
 f - a ring of protection from fire (right hand)
   (You found it on level 5 of the Dungeon)
 v - an amulet of faith (around neck)
   (You took it off an orc on level 8 of the Dungeon)
 D - a +2 ring of strength (left hand)
   (You found it on level 7 of the Dungeon)
Wands
 n - a wand of acid (13)
   (You found it on level 5 of the Dungeon)
 x - a wand of enslavement (4)
   (You found it on level 9 of the Dungeon)
Scrolls
 h - a scroll of fear
 m - a scroll of enchant weapon
 p - a scroll of magic mapping
 q - 2 scrolls of amnesia
 r - 4 scrolls of identify
 t - 3 scrolls of teleportation
 w - 5 scrolls of remove curse
Potions
 d - 3 potions of might
 g - 2 potions of cancellation
 k - 2 potions of degeneration {unknown}
 o - a potion of brilliance
 s - 4 potions of mutation {unknown}
 u - 2 potions of heal wounds
 A - 6 potions of curing {unknown}
 B - a potion of ambrosia {unknown}
 C - a potion of lignification {unknown}
 E - a potion of berserk rage {unknown}
 H - a potion of invisibility {unknown}
Comestibles
 e - 28 rations


   Skills:
 * Level 11.6 Fighting
 * Level 13.2 Axes
 + Level 10.1 Armour
 + Level 5.3 Shields
 + Level 8.5 Invocations


You had 11 spell levels left.
You didn't know any spells.
Your spell library was empty.

Dungeon Overview and Level Annotations

Branches:
Dungeon (14/15)            Temple (1/1) D:7            Lair (0/6) D:9
    Orc (0/2) D:11
 Vaults: D:13-14

Altars:
Ashenzari
Cheibriados
Dithmenos
Elyvilon
Fedhas
Gozag
Hepliaklqana
Kikubaaqudgha
Makhleb
Nemelex Xobeh
Okawaru
Qazlal
Ru
Sif Muna
Trog
Uskayaw
Vehumet
Wu Jian
Xom
Yredelemnul
Zin
The Shining One

Shops:
D:5 (   D:7 (   D:14 %

Annotations:
D:10 exclusion: orange crystal statue


Innate Abilities, Weirdness & Mutations

You are resistant to damage.
You can heal yourself by infusing magical energy.
You passively map the area around you.
You do not regenerate.
You are very dopey. (Int -4)
Your flesh is heat resistant. (rF+)


Message History

You slash the phantasmal warrior! The phantasmal warrior hits you!!
* * * LOW HITPOINT WARNING * * *
You block the death knight's attack.
You are too injured to fight recklessly!
You are too injured to fight recklessly!
You are too injured to fight recklessly!
You are too injured to fight recklessly!
You are too injured to fight recklessly!
You are too injured to fight recklessly!
You are too injured to fight recklessly!
You feel much better. The phantasmal warrior hits you!
You are too injured to fight recklessly!
You are too injured to fight recklessly!
You closely miss the phantasmal warrior.
The phantasmal warrior is heavily damaged.
You barely miss the death knight.
The death knight hits you with a +0 great mace!
* * * LOW HITPOINT WARNING * * *
The phantasmal warrior hits you!!
You die...

, , # #W#....W.. ,,
.#u#u#...#.# *
#.##.##### , ,
#.##u######* *
#####.##..u)Wu# *
##...#.#######u#
##.###..# #u# ##.##
##<## #p# * *
#.######..### #@# * *, ,
,, #.#
#.[.....####W#####. * **
*
#.###.##..#.......^....#
##.##.†..#######.#######
##.#....### #.#
####.......# #.#
...........# #.#
...#.......# #.#
##.##....### #.#


You could see a death knight, 3 ugly things, a phantasmal warrior and a wraith.

Vanquished Creatures
  A hydra (D:10)
  A centaur warrior (D:14)
  2 two-headed ogres
  An unseen horror (D:14)
  12 ugly things
  A kobold demonologist (D:14)
  Maggie (D:7)
  A komodo dragon (D:9)
  A merfolk (shapeshifter) (D:14)
  2 meliai (D:14)
  A troll (D:11)
  4 slime creatures
  2 hippogriffs
  2 dream sheep (D:10)
  A spriggan (shapeshifter) (D:14)
  3 wyverns (D:9)
  2 yaks (D:10)
  A basilisk (D:9)
  Eustachio (D:5)
  6 vampire mosquitoes (D:14)
  2 hungry ghosts
  A soldier ant (D:10)
  2 acid dragons
  A water moccasin (D:9)
  2 ice beasts
  6 orc warriors
  2 phantoms
  4 sky beasts
  4 ogres
  2 necrophages (D:10)
  2 centaurs
  9 big kobolds
  4 bullfrogs
  A gnoll sergeant (D:10)
  A wyvern skeleton (D:8)
  4 scorpions
  32 wights
  2 centaur zombies (D:10)
  A howler monkey (D:14)
  4 crimson imps
  4 jellies
  A quasit (D:7)
  4 orc priests
  5 hounds
  17 orc wizards
  5 bullfrog skeletons
  2 centaur skeletons
  4 iguanas
  7 worker ants
  2 hound zombies
  A howler monkey zombie (D:5)
  2 worker ant zombies
  9 gnolls
  A howler monkey skeleton (D:4)
  10 adders
  A shadow imp (D:9)
  A white imp (D:4)
  An adder skeleton (D:9)
  A worm (D:8)
  5 dart slugs
  4 leopard geckos
  70 orcs
  9 giant cockroaches
  4 goblins
  2 hobgoblins (D:3)
  11 jackals
  20 kobolds
  A quokka (D:5)
  3 bats
  5 frilled lizards
  A goblin skeleton (D:4)
  2 goblin zombies (D:4)
  2 hobgoblin zombies (D:4)
  A kobold skeleton (D:4)
  A kobold zombie (D:4)
  2 orc zombies (D:4)
  6 rats
359 creatures vanquished.

Notes
Turn   | Place    | Note
-------+----------+-------------------------------------------
     0 | D:1      | Flugslaktarn the Deep Dwarf Fighter began the quest for the
                  | Orb.
     0 | D:1      | Reached XP level 1. HP: 20/20 MP: 1/1
    42 | D:1      | Reached XP level 2. HP: 21/27 MP: 2/2
   201 | D:3      | Reached skill level 3 in Axes
   201 | D:3      | Reached XP level 3. HP: 24/34 MP: 3/3
   316 | D:3      | Found an opulent altar of Gozag.
   316 | D:3      | Found an iron altar of Okawaru.
   438 | D:3      | Noticed a phantom
   445 | D:3      | Killed a phantom
   445 | D:3      | Reached skill level 4 in Axes
   445 | D:3      | Reached XP level 4. HP: 21/44 MP: 4/4
   445 | D:3      | Reached XP level 5. HP: 24/50 MP: 5/5
   634 | D:4      | Reached XP level 6. HP: 51/58 MP: 5/5
   654 | D:4      | Reached skill level 5 in Axes
   765 | D:4      | Reached skill level 5 in Fighting
   791 | D:4      | Reached XP level 7. HP: 52/67 MP: 3/3
   853 | D:4      | Found a glowing golden altar of the Shining One.
  1061 | D:4      | Reached skill level 5 in Armour
  1137 | D:4      | Found an ornate altar of the Wu Jian Council.
  1377 | D:4      | Reached skill level 6 in Axes
  1681 | D:5      | Entered Level 5 of the Dungeon
  1769 | D:5      | Found a snail-covered altar of Cheibriados.
  1802 | D:5      | Reached XP level 8. HP: 50/76 MP: 4/4
  1802 | D:5      | Noticed Eustachio
  1837 | D:5      | Killed Eustachio
  1837 | D:5      | Reached skill level 7 in Axes
  2017 | D:5      | Found Fahyiho's Weapon Shop.
  2712 | D:6      | Reached skill level 8 in Axes
  2809 | D:6      | Gained mutation: You passively map the area around you.
                  | [Deep Dwarf growth]
  2809 | D:6      | Reached XP level 9. HP: 61/86 MP: 4/4
  2818 | D:6      | Found a shattered altar of Ashenzari.
  3151 | D:7      | Noticed Maggie
  3169 | D:7      | Killed Maggie
  3229 | D:7      | Found a bloodstained altar of Trog.
  3348 | D:7      | Found Cubb's Weapon Boutique.
  3562 | D:7      | Reached skill level 9 in Axes
  3841 | D:7      | Found a staircase to the Ecumenical Temple.
  3860 | Temple   | Entered the Ecumenical Temple
  4012 | Temple   | Became a worshipper of Makhleb the Destroyer
  4241 | D:8      | Reached skill level 1 in Invocations
  4420 | D:8      | Reached skill level 10 in Axes
  4420 | D:8      | Reached XP level 10. HP: 39/98 MP: 5/5
  4539 | D:8      | Noticed a moth of wrath
  4542 | D:8      | Found a bloodstained altar of Trog.
  4785 | D:9      | Reached * piety under Makhleb
  5401 | D:9      | Reached ** piety under Makhleb
  5425 | D:9      | Found a staircase to the Lair.
  5836 | D:10     | Entered Level 10 of the Dungeon
  5874 | D:10     | Reached skill level 11 in Axes
  5895 | D:10     | Reached skill level 5 in Invocations
  6113 | D:10     | Noticed an orange crystal statue
  6451 | D:10     | Noticed a cyan ugly thing
  6478 | D:10     | Killed a cyan ugly thing
  6478 | D:10     | Reached skill level 10 in Fighting
  6478 | D:10     | Reached XP level 11. HP: 26/108 MP: 4/4
  6654 | D:10     | Noticed a two-headed ogre
  6675 | D:10     | Killed a two-headed ogre
  6689 | D:10     | Reached *** piety under Makhleb
  6934 | D:10     | Noticed a three-headed hydra
  6942 | D:10     | Killed a one-headed hydra
  7005 | D:11     | Found a staircase to the Orcish Mines.
  7036 | D:11     | Reached skill level 12 in Axes
  7391 | D:11     | Noticed a two-headed ogre
  7404 | D:11     | Killed a two-headed ogre
  7618 | D:11     | Reached **** piety under Makhleb
  7837 | D:12     | Noticed a cyan ugly thing
  7847 | D:12     | Killed a cyan ugly thing
  8016 | D:12     | You fall into a shaft and drop 2 floors!
  8025 | D:14     | Noticed a centaur warrior
  8040 | D:14     | Killed a centaur warrior
  8079 | D:14     | Noticed a cyan ugly thing
  8079 | D:14     | Noticed a cyan ugly thing
  8079 | D:14     | Noticed a cyan ugly thing
  8080 | D:14     | Noticed a cyan ugly thing
  8091 | D:14     | Killed a red ugly thing
  8104 | D:14     | Killed a white ugly thing
  8115 | D:14     | Killed a white ugly thing
  8124 | D:14     | Killed a white ugly thing
  8124 | D:14     | Reached XP level 12. HP: 60/120 MP: 4/4
  8277 | D:14     | Gained mutation: Your flesh is heat resistant. (rF+) [a
                  | neqoxec]
  8279 | D:14     | Gained mutation: You are dopey. (Int -2) [a neqoxec]
  8280 | D:14     | Gained mutation: You are very dopey. (Int -4) [a neqoxec]
  8316 | D:14     | Found Johivit's Food Boutique.
  8378 | D:14     | Reached ***** piety under Makhleb
  8378 | D:14     | Reached skill level 13 in Axes
  8383 | D:14     | Reached skill level 5 in Shields
  8390 | D:14     | Reached skill level 10 in Armour
  8541 | D:14     | Noticed a death knight
  8579 | D:14     | Slain by a phantasmal warrior

Levels and vault maps discovered:
D:1:      roderic_chinese_lattice_arrival, layout_basic, minmay_octomino_c4
D:2:      layout_basic
D:3:      layout_loops_ring, gammafunk_temple_overflow_statue,
          chequers_ecumenical_altar_lobes, minivault_5
D:4:      layout_loops_ring, lemuel_coloured_pillars_altar,
          nicolae_tso_besieged_by_evil, first_ration, serial_co_window_serial,
          co_window_paths_a, co_window_of_opportunity_a, co_window_paths_a,
          co_window_of_opportunity_a, co_window_paths_a,
          co_window_of_opportunity_b, co_window_of_opportunity_b,
          co_window_of_opportunity_c, co_window_of_opportunity_b,
          co_window_2corner, co_window_4corner_a, glass_columns_a,
          glass_columns_a, glass_columns_a, glass_columns_c
D:5:      layout_basic, cheibriados_altar_1, serial_shops, kennysheep_mini_moat,
          chequers_garden, uniq_eustachio
D:6:      layout_loops_cross, ashenzari_altar_1
D:7:      layout_loops_cross, minmay_temple_entry_large_hall, serial_shops,
          shop, basic_altar, minmay_misc_feat_ornament, uniq_maggie
D:8:      layout_rooms, tgw_trog
D:9:      layout_stronghold, erik_lair_dragon
D:10:     layout_irregular_city, amethyst_killhole, hangedman_ranch
          [blue_anna_fruit_fields], minmay_crystal_water, grunt_ministairs_11,
          disabler_island
D:11:     layout_loops_cross, orc_0_dummy, hangedman_abyss_or_decor_slice
D:12:     layout_roguey, serial_shops, shop, minmay_tree_intersection,
          minmay_lindwurm_lava, uniq_psyche
D:14:     layout_loops_ring, serial_shops, nicolae_shop_stone,
          chequers_serial_rivers_micro_e, minmay_crystal_room
Temple:   regret_index_temple_sphere_string

Skill      XL: |  1  2  3  4  5  6  7  8  9 10 11 12 |
---------------+-------------------------------------+-----
Fighting       | 3 4 5 6 7 8 10 11 | 11.6
Axes           | 3 4 5 6 8 10 11 12 13 | 13.2
Armour         | 4 5 6 7 8 9 10 | 10.1
Invocations    | 3 5 7 8 |  8.5
Shields        | 4 5 |  5.3

Action                   |  1- 3 |  4- 6 |  7- 9 | 10-12 || total
-------------------------+-------+-------+-------+-------++-------
Melee: War axe           |    90 |   112 |   503 |   647 ||  1352
       Hand axe          |       |       |    30 |   220 ||   250
 Abil: Heal Wounds       |     1 |     7 |    20 |    44 ||    72
Evoke: Wand              |       |       |       |     4 ||     4
  Use: Scroll            |       |       |    12 |     5 ||    17
  Eat: Chunk             |       |       |     8 |    19 ||    27
       Ration            |       |       |     1 |       ||     1
Armor: Scale mail        |    38 |   101 |    94 |       ||   233
       Chain mail        |       |       |    95 |       ||    95
       Plate armour      |       |       |    79 |   446 ||   525
Dodge: Dodged            |    30 |    50 |   103 |   152 ||   335
Block: Kite shield       |    59 |    72 |   276 |   375 ||   782

Table legend:
 A = Non-vault XP
 B = Vault XP
 C = Vault XP percentage of total XP
 D = Non-vault monster count
 E = Vault monster count
 F = Vault count percentage of total count
                 A         B        C        D         E       F
            +---------+---------+-------+---------+---------+-------
      Total |   24430 |    4821 |  16.5 |     317 |      42 |  11.7
            +---------+---------+-------+---------+---------+-------
        D:1 |      17 |       8 |  32.0 |       6 |       4 |  40.0
        D:2 |       4 |       0 |   0.0 |       3 |       0 |   0.0
        D:3 |     209 |       0 |   0.0 |      27 |       0 |   0.0
        D:4 |     823 |      20 |   2.4 |      45 |      10 |  18.2
        D:5 |     731 |     196 |  21.1 |      27 |       1 |   3.6
        D:6 |     959 |       0 |   0.0 |      29 |       0 |   0.0
        D:7 |    1068 |     376 |  26.0 |      22 |       1 |   4.3
        D:8 |    1397 |       9 |   0.6 |      16 |       5 |  23.8
        D:9 |    1768 |    1345 |  43.2 |      39 |       6 |  13.3
       D:10 |    3457 |    2867 |  45.3 |      26 |      15 |  36.6
       D:11 |    2419 |       0 |   0.0 |      30 |       0 |   0.0
       D:12 |    1167 |       0 |   0.0 |      12 |       0 |   0.0
       D:14 |   10411 |       0 |   0.0 |      35 |       0 |   0.0
            +---------+---------+-------+---------+---------+-------
